 Dungeon Crawl Stone Soup version 0.31.0 (webtiles) character file.

Game seed: 8428753086411084634

18 Esekla the Sneak (level 2, -5/21 HPs)
             Began as an Octopode Delver on Jan 19, 2024.
             Killed by divine providence
             ... invoked by an orc priest
              (12 damage)
             ... on level 5 of the Dungeon.
             The game lasted 00:01:47 (150 turns).

Esekla the Sneak (Octopode Delver)                   Turns: 150, Time: 00:01:48

Health: -5/21      AC:  1    Str: 11    XL:     2   Next: 70%
Magic:  2/2        EV: 13    Int: 12    God:
Gold:   18         SH:  0    Dex: 13    Spells: 1/1 levels left

rFire   . . .        a - +0 falchion
rCold   . . .        (no shield)
rNeg    . . .        (helmet restricted)
rPois   .            (no amulet)
rElec   .            (no ring)
rCorr   .            (no ring)
SInv    .            (no ring)
Will    .....        (no ring)
Stlth   ++++         (no ring)
HPRegen 0.23/turn    (no ring)
MPRegen 0.08/turn    (no ring)
                     (no ring)

%: no passive effects
@: no status effects
A: almost no armour, amphibious, 8 rings, camouflage 1, gelatinous body 1,
(nimble swimmer 1), tentacles
a: no special abilities


You were on level 5 of the Dungeon.
You visited 1 branch of the dungeon, and saw 1 of its levels.

You collected 18 gold pieces.

Inventory:

Hand Weapons
 a - a +0 falchion (weapon)
 g - a +0 dagger
Jewellery
 i - a ring of protection from cold
Wands
 f - a wand of digging (3)
Scrolls
 b - a scroll of fog
 c - a scroll of revelation
Potions
 e - a potion of haste
 h - a potion of invisibility {unknown}


   Skills:
 * Level 3.2 Fighting
 * Level 2.1 Long Blades
 * Level 2.1 Dodging
 + Level 7.0 Stealth
 * Level 0.4 Spellcasting


You had one spell level left.
You didn't know any spells.
Your spell library contained the following spells:

 Spells                   Type           Power      Damage    Failure   Level
 Ensorcelled Hibernation  Hex/Ice        0%         N/A       43%         2
 Passwall                 Erth           0%         N/A       67%         3
 Swiftness                Air            0%         N/A       67%         3


Dungeon Overview and Level Annotations

Branches:
Dungeon (5/15)
 Temple: D:4-7

Altars:
Dithmenos


Innate Abilities, Weirdness & Mutations

You cannot wear most types of armour.
You are amphibious.
You can wear up to eight rings at the same time.
Your skin changes colour to match your surroundings (Stealth+).
Your rubbery body absorbs attacks. (AC +1, EV +1)
((You are camouflaged when in or above water. (Stealth+)))
You have tentacles for arms and can constrict up to eight enemies at once.


Message History

The gnoll is severely wounded.
You constrict the gnoll.
A gnoll comes into view. It is wielding a +0 flail.
The gnoll hits you with a +0 club.
An orc comes into view. It is wielding a +0 short sword.
You hit the gnoll.
The gnoll is almost dead.
You constrict the gnoll.
You kill the gnoll!
A gnoll comes into view. It is wielding a +0 club.
Your Stealth skill increases to level 7! 2 orcs and an orc wizard come into view.
The gnoll attacks as it pursues you! The gnoll completely misses you.
Found 2 orange potions.
Found 18 gold pieces.
The ufetubus shouts!
You hear a bark!
The ufetubus shouts!
A hound comes into view.
You hear a shout!
The ufetubus hits you. x2
The orc throws a boomerang.
The boomerang barely misses you.
The orc throws a boomerang.
The boomerang hits you!
The orc throws a boomerang.
The boomerang closely misses you. The ufetubus slips past you!
The ufetubus hits you. The ufetubus closely misses you.
As you read the scroll of fear, it crumbles to dust.
You assume a fearsome visage.
The hound looks frightened!
The ufetubus looks frightened! x2; The orc looks frightened! x2
The orc shouts!
The orc looks frightened!
The orc wizard resists with some effort.
The gnoll looks frightened! x2; Cornered, the ufetubus turns to fight!
An orc priest comes into view. It is wielding a +0 hand axe.
Cornered, the ufetubus turns to fight!
You see here 18 gold pieces.
You now have 18 gold pieces.
The ufetubus closely misses you. The ufetubus barely misses you.
The orc priest calls down the wrath of Beogh upon you.
Beogh smites you!
Ouch! That really hurt!
You die...

,,,,,.,,,,* #.# #......#######
,,,,,...,,* #.# #......# *
,,,,,.....####.#####......#######
,,,,,......).............†.......
,,,,,.....####.#####g........####
,,,,,...,,***#.# ###'###...# #
,,,,,.,..o.....# #.###o..#* #
,,,,,,,.o...##########.##g###.###
,,,,,,,...og..o5@5.....#..##*..#.
,,,,,,,.......#######.$g...#,....
,,,,,,,..o..,,* ***###.........#
,,,,,,,.,.,,,,****,,,*#.........#
***,******,,,,,,*,,,,,#.........#
***,* *,,,,*,,,,,,,.....#.....
*,,,* ***,,,***,,,,,..#..###..#.
*,*,****~~~,,* **,,,,!###..,,.###
*,,,,,,,~∩,,,***,,***,,*,...,,,#.


You could see an orc priest, an orc wizard, 2 gnolls, 2 ufetubi and an orc
(fleeing).

Vanquished Creatures
  A gnoll (D:5)
  An adder (D:5)
2 creatures vanquished.

Notes
Turn   | Place    | Note
-------+----------+-------------------------------------------
     0 | D:5      | Esekla the Octopode Delver began the quest for the Orb.
     0 | D:5      | Reached XP level 1. HP: 16/16 MP: 1/1
    40 | D:5      | Noticed an iguana
    44 | D:5      | Noticed a scorpion
    70 | D:5      | Found a shadowy altar of Dithmenos.
    97 | D:5      | Reached XP level 2. HP: 19/21 MP: 2/2
   122 | D:5      | Reached skill level 7 in Stealth
   150 | D:5      | Killed from afar by an orc priest

Illustrated notes

Levels and vault maps discovered:
D:5:      nicolae_cairo_tiling_large_dashed, layout_basic,
          nicolae_dithmenos_through_a_glass_darkly, serial_shops,
          nicolae_shop_tiny_waterfront, minmay_hollow_rounded_squares

Skill      XL: |  1  2 |
---------------+-------+-----
Stealth        | 7 |  7.0
Fighting       | |  3.2
Long Blades    | |  2.1
Dodging        | |  2.1
Spellcasting   | |  0.4

Action                     || total
---------------------------++-------
  Melee: Falchion          ||     9
         Constrict         ||     1
    Use: Scroll            ||     2
 Armour: Skin              ||     7
  Dodge: Dodged            ||    12
